 Dungeon Crawl Stone Soup version 0.31-a0-177-g4aa6249778 (webtiles) character file.

Game seed: 8346848676041322934

404 innerfire43 the Trooper (level 6, -2/48 HPs)
             Began as a Demonspawn Monk on June 18, 2023.
             Slain by a hound (4 damage)
             ... on level 5 of the Dungeon.
             The game lasted 00:05:36 (3419 turns).

innerfire43 the Trooper (Demonspawn Monk)           Turns: 3419, Time: 00:05:36

Health: -2/48      AC: -1    Str: 23    XL:     6   Next: 56%
Magic:  5/5        EV: 13    Int: 11    God:
Gold:   225        SH:  0    Dex: 14    Spells: 5/5 levels left

rFire   + . .        m - +2 dagger (speed)
rCold   + . .        d - orb {light}
rNeg    . . .        b - +1 robe
rPois   +            (no helmet)
rElec   +            (no cloak)
rCorr   +            s - +0 pair of gloves
SInv    .            (no boots)
Will    .....        (no amulet)
Stlth   +            j - +4 ring of protection
HPRegen 0.28/turn    n - +6 ring of strength
MPRegen 0.09/turn

%: no passive effects
@: brilliant, resistant, corroded, glowing
A: slimy green scales 2, demonic touch 1, low MP 1, strong 1, noise suppression
a: no special abilities


You were on level 5 of the Dungeon.
You visited 1 branch of the dungeon, and saw 5 of its levels.

You collected 225 gold pieces.

Inventory:

Hand Weapons
 a - a +0 spear
 m - a +2 dagger of speed (weapon)
Armour
 b - a +1 robe (worn)
 d - an orb of light (worn)
 s - a +0 pair of gloves (worn)
Jewellery
 j - a +4 ring of protection (left hand)
 n - a +6 ring of strength (right hand)
Wands
 q - a wand of light (3)
Scrolls
 f - a scroll of revelation {unknown}
 h - 2 scrolls of identify
 l - a scroll of blinking
 r - a scroll of acquirement {unknown}
Potions
 g - a potion of resistance
 k - a potion of berserk rage {unknown}
 o - 2 potions of heal wounds {unknown}
 p - 3 potions of curing {unknown}
 t - a potion of attraction {unknown}


   Skills:
 + Level 4.2 Fighting
 * Level 4.0 Short Blades
 - Level 3.4 Polearms
 + Level 3.9 Dodging
 + Level 0.1 Evocations


You had 5 spell levels left.
You didn't know any spells.
Your spell library contained the following spells:

 Spells                   Type           Power      Damage    Failure   Level
 Sublimation of Blood     Necr           0%         N/A       47%         2
 Wereblood                Tmut           0%         N/A       47%         2
 Summon Hydra             Summ           0%         N/A       100%        7


Dungeon Overview and Level Annotations

Branches:
Dungeon (5/15)
 Temple: D:4-7

Altars:
Ashenzari


Innate Abilities, Weirdness & Mutations

You are mostly covered in slimy green scales. (AC +3)
Your touch may inflict minor irresistible damage on your foes.
Your magical capacity is low. (-10% MP)
Your muscles are strong. (Str +4, Int/Dex -1)
You passively dampen the noise of your surroundings.


Message History

Aiming: Bolt of Light
Press: ? - help, Shift-Dir - straight line, f - hound
Aim: a hound (lightly wounded, haloed, 73% to hit)
The bolt of light misses the hound.
The hound bites you.
* * * LOW HITPOINT WARNING * * *
You hit the hound but do no damage.
The hound is lightly wounded.
The hound bites you.
* * * LOW HITPOINT WARNING * * *
You hit the hound.
The hound is lightly wounded.
The hound bites you.
* * * LOW HITPOINT WARNING * * *
You closely miss the hound.
The hound is lightly wounded.
The hound barely misses you.
Aiming: Bolt of Light
Press: ? - help, Shift-Dir - straight line, f/p - hound
Aim: a hound (lightly wounded, haloed, 73% to hit)
The bolt of light hits the hound!
The hound is almost dead.
The hound bites you.
* * * LOW HITPOINT WARNING * * *
You hit the hound but do no damage.
The hound is almost dead.
The hound barely misses you.
It was a potion of brilliance.
You feel clever all of a sudden. The hound barely misses you.
It was a potion of resistance.
You feel protected. The hound bites you.
* * * LOW HITPOINT WARNING * * *
The hound closely misses you.
It was a potion of mutation.
You feel extremely strange.
You feel less energetic.
You feel your surroundings grow quieter.
You feel stronger. The hound bites you.
You die...

..#.....####...#.##..#
..#.....#⌠.##'##.⌠#..##
..##....#..............
..#..#####.......##.##.
.....# ..#.......#...#
.....#...+..._...+...+
.........#.......#...
.....#####......h#.#
................@.#
........#⌠.##+##.⌠#
........#### ####
#######....#
...........#
...........#####
................
..........#....# .
..........#+####..


You could see a hound.

Vanquished Creatures
  An ice beast (D:5)
  An ogre (D:4)
  A phantom (D:5)
  A jelly (D:5)
  4 adders
  3 dart slugs (D:2)
  5 orcs
  6 ball pythons
  8 endoplasms
  A giant cockroach (D:3)
  10 goblins
  4 hobgoblins
  6 quokkas
  5 bats
  2 frilled lizards (D:2)
  6 kobolds
  7 rats
71 creatures vanquished.

Notes
Turn   | Place    | Note
-------+----------+-------------------------------------------
     0 | D:1      | innerfire43 the Demonspawn Monk began the quest for the
                  | Orb.
     0 | D:1      | Reached XP level 1. HP: 18/18 MP: 1/1
   194 | D:1      | Gained mutation: Your touch may inflict minor irresistible
                  | damage on your foes. [demonic ancestry]
   194 | D:1      | Reached XP level 2. HP: 19/24 MP: 2/2
   921 | D:2      | Gained mutation: You are partially covered in slimy green
                  | scales. (AC +2) [demonic ancestry]
   921 | D:2      | Reached XP level 3. HP: 26/29 MP: 3/3
  1559 | D:2      | Found a faded altar of an unknown god.
  1881 | D:3      | Reached skill level 1 in Short Blades
  1881 | D:3      | Reached XP level 4. HP: 34/35 MP: 4/4
  2537 | D:4      | Noticed an ogre
  2548 | D:4      | Killed an ogre
  2549 | D:4      | Gained mutation: You are mostly covered in slimy green
                  | scales. (AC +3) [demonic ancestry]
  2549 | D:4      | Reached XP level 5. HP: 16/42 MP: 5/5
  3154 | D:5      | Entered Level 5 of the Dungeon
  3172 | D:5      | Noticed a phantom
  3210 | D:5      | Killed a phantom
  3211 | D:5      | Reached XP level 6. HP: 35/48 MP: 6/6
  3266 | D:5      | Noticed an ice beast
  3291 | D:5      | Killed an ice beast
  3362 | D:5      | Found a broken altar of Ashenzari.
  3415 | D:5      | HP: 2/48 [hound (4)]
  3419 | D:5      | Gained mutation: Your magical capacity is low. (-10% MP)
                  | [potion of mutation]
  3419 | D:5      | Gained mutation: You passively dampen the noise of your
                  | surroundings. [potion of mutation]
  3419 | D:5      | Gained mutation: Your muscles are strong. (Str +4, Int/Dex
                  | -1) [potion of mutation]
  3419 | D:5      | Slain by a hound

Illustrated notes

Levels and vault maps discovered:
D:1:      saegor_arrival_simple_c, layout_basic
D:2:      layout_basic, shapermc_ecumenical_altar_hornbeckon
D:3:      layout_basic, serial_bayou_ford_a
D:4:      layout_gridville
D:5:      layout_gridville, evilmike_ruin_ashenzari

Skill      XL: |  1  2  3  4  5  6 |
---------------+-------------------+-----
Polearms       | 3 |  3.4
Dodging        | 3 |  3.9
Short Blades   | 1 2 3 4 |  4.0
Fighting       | 4 |  4.2
Evocations     | |  0.1

Action                     |  1- 3 |  4- 6 || total
---------------------------+-------+-------++-------
  Melee: Spear             |   118 |       ||   118
         Dagger            |    16 |   190 ||   206
  Evoke: Wand              |       |     4 ||     4
    Use: Scroll            |     4 |       ||     4
         Potion            |       |     4 ||     4
   Stab: Invisible         |       |     1 ||     1
 Armour: Robe              |    30 |    37 ||    67
  Dodge: Dodged            |    59 |    80 ||   139

Table legend: (Time is in decaauts)
 A = Elapsed time spent in this place.
 B = Non-inter-level travel time spent in this place.
 C = Inter-level travel time spent in this place.
 D = Time resting spent in this place.
 E = Time spent auto-exploring this place.
 F = Levels seen in this place.
 G = Mean time per level.
                   A        B        C        D        E       F      G
               +--------+--------+--------+--------+--------+-----+--------+
         Total |   3345 |   3273 |     72 |      0 |   2707 |   5 |  669.0 |
       Dungeon |   3345 |   3273 |     72 |      0 |   2707 |   5 |  669.0 |
               +--------+--------+--------+--------+--------+-----+--------+

Top non-repeatable levels by time:
     D:2: 869 daAuts
     D:1: 772 daAuts
     D:4: 764 daAuts
     D:3: 713 daAuts
     D:5: 227 daAuts
